Map: Terrasses de Prion

Players

zidar - Winner!

  • Race: Zerg Zerg
  • League: Silver
  • Spawn Location: 11:00

Foxbib

  • Race: Protoss Protoss
  • League: Silver
  • Spawn Location: 5:00

VOD

Have the link to the VOD?

Description

Time

  • Played on: Nov. 28, 2015, 11:25 a.m.
  • Length: 12:17
Show
View Real Time Build Order
Export as new Build Order

zidar Zerg - Winner!

Build Orders: Hatch First 

Get SALT Encoding   

  12  0:02  Drone  
  13  0:12  Overlord  
  13  0:17  Drone  
  14  0:30  Drone x2  
  16  0:35  Drone  
  17  0:55  Hatchery  
  16  0:57  Drone  
  17  1:05  Drone  
  18  1:16  Spawning Pool  
  17  1:21  Drone  
  17  1:22  Extractor  
  17  1:25  Drone  
  18  1:42  Overlord  
  18  1:46  Drone  
  19  1:57  Drone  
  20  2:08  Drone  
  21  2:12  Overlord x2  
  21  2:14  Queen  
  23  2:21  Queen  
  25  2:30  Drone x2  
  27  2:48  Drone  
  27  2:49  Drone x3  
  31  2:54  Extractor  
  30  3:17  Drone x6  
  36  3:31  Overlord  
  36  3:32  Overlord  
  36  3:33  Overlord  
  35  3:42  Roach Warren, Lair  
  34  3:54  Zergling x2  
  34  3:55  Zergling x10  
  40  4:29  Overlord  
  40  4:32  Roach x6  
  52  4:46  Hydralisk Den  
  50  4:56  Glial Reconstitution  
  50  5:02  Roach x3  
  50  5:03  Roach x4  
  64  5:26  Overlord  
  64  5:29  Zergling x2  
  64  5:30  Zergling x4  
  67  5:43  Extractor  
  67  5:45  Extractor  
  65  5:53  Hydralisk x2  
  65  5:54  Hydralisk x3  
  75  5:57  Muscular Augments  
  71  6:10  Metabolic Boost  
  70  6:20  Roach x2  
  74  6:32  Zergling x2  
  75  6:36  Overlord x3  
  75  6:53  Overseer  
  75  6:55  Drone x6  
  81  7:02  Hydralisk  
  81  7:03  Hydralisk x5  
  93  7:46  Roach  
  93  7:47  Roach x2  
  89  8:29  Roach x5  
  59  9:24  Roach x8  
  71  10:04  Roach x4  
  71  10:05  Roach x2  
  83  10:10  Overseer  
  83  10:41  Hydralisk x8  
  99  11:11  Ravager  
Show
View Real Time Build Order
Export as new Build Order

Foxbib Protoss 

Build Orders: Nexus First 

Get SALT Encoding   

  12  0:01  Probe (Chrono Boost)  
  13  0:11  Probe (Chrono Boost)  
  14  0:21  Pylon  
  14  0:23  Probe (Chrono Boost)  
  15  0:39  Probe (Chrono Boost)  
  16  0:49  Probe (Chrono Boost)  
  17  1:00  Probe (Chrono Boost)  
  18  1:04  Nexus  
  18  1:15  Probe (Chrono Boost)  
  18  1:16  Gateway  
  19  1:22  Assimilator  
  19  1:26  Probe (Chrono Boost)  
  20  1:32  Assimilator  
  20  1:42  Gateway  
  20  1:45  Probe (Chrono Boost)  
  21  1:56  Probe (Chrono Boost)  
  22  2:02  Forge  
  22  2:08  Probe (Chrono Boost)  
  22  2:15  Cybernetics Core  
  23  2:17  Probe (Chrono Boost)  
  24  2:27  Probe (Chrono Boost)  
  25  2:31  Assimilator  
  25  2:35  Assimilator  
  25  2:37  Probe x2 (Chrono Boost)  
  27  2:49  Probe x2 (Chrono Boost)  
  29  2:52  Stalker x2  
  29  2:54  Warp Gate (Chrono Boost)  
  33  3:04  Probe x2  
  35  3:10  Pylon  
  35  3:26  Mothership Core, Probe  
  38  3:34  Stalker  
  38  3:39  Stalker  
  42  3:43  Probe  
  43  3:50  Gateway  
  43  3:51  Gateway  
  43  3:54  Protoss Ground Weapons Level 1  
  43  3:55  Gateway  
  43  3:57  Gateway  
  43  4:04  Probe x2  
  43  4:06  Pylon  
  45  4:14  Pylon  
  45  4:20  Probe  
  46  4:25  Probe  
  46  4:27  Stalker  
  46  4:30  Pylon  
  49  4:37  Probe, Pylon  
  52  5:06  Stalker x3  
  52  5:07  Stalker x2  
  60  5:20  Forge  
  60  5:22  Robotics Facility  
  60  5:25  Twilight Council  
  60  5:27  Gateway  
  60  5:30  Gateway  
  60  5:45  Photon Cannon  
  60  5:47  Photon Cannon  
  56  6:15  Nexus  
  56  6:16  Stalker x3  
  62  6:20  Protoss Ground Weapons Level 2  
  62  6:24  Immortal  
  67  6:32  Probe  
  67  6:33  Probe  
  68  6:41  Protoss Ground Armor Level 1  
  68  6:55  Dark Shrine  
  68  6:57  Probe x2  
  68  7:00  Templar Archives, Stalker  
  72  7:08  Pylon  
  72  7:09  Pylon  
  72  7:15  Stalker  
  74  7:22  Immortal  
  78  7:40  Stalker x4  
  86  7:46  Probe x2  
  86  7:50  Probe  
  89  8:01  Immortal  
  77  8:06  Pylon  
  77  8:07  Zealot x3  
  61  8:13  Dark Templar  
  61  8:14  Dark Templar  
  51  8:25  Stalker x3  
  45  8:32  Mothership Core  
  47  8:46  Stalker x2  
  41  9:00  Stalker x3  
  41  9:07  Stalker  
  36  9:20  Zealot x3  
  32  9:24  Zealot  
  26  9:43  Mothership Core  
  23  9:49  High Templar x2, Pylon  
  23  9:50  High Templar x2  
  31  9:57  Archon x2  
  31  10:06  Photon Cannon  
  31  10:38  Stalker x2  
  31  10:39  Stalker x2  
  39  10:43  Probe  
  40  10:52  Forge  
  40  10:55  Probe  
  41  11:30  Stalker x3  
  43  11:52  Zealot  
  39  12:00  Zealot x2  
Tags
 
Add a new tag
Caveats
  • Supply blocks, unpowered buildings, or Contaminate may cause inaccurate times.
  • Supply counts are checked every 10 seconds.